[Event "Early-Titled-Tuesday-Blitz-May-14-2024"]
[Site "Chess.com"]
[Date "2024.05.14"]
[Round "7"]
[White "Aswathchess"]
[Black "MyDream003"]
[Result "1-0"]
[WhiteElo "2680"]
[BlackElo "2836"]
[TimeControl "180+1"]
[EndTime "9:20:15 PDT"]
[Termination "Aswathchess won on time"]

1. c4 e6 2. d4 d5 3. Nf3 Nf6 4.
g3 Bb4+ 5. Bd2 Be7 6. Bg2 O-O 7. O-O c6 8. Bc3 b6 9. a4 Ba6 10. Nbd2 c5 11. Ne5 Qc8 12. cxd5 Nxd5 13. Qb3 Bb7 14.
Rfc1 Na6 15. Ndc4 Qd8 16. a5 Nxc3 17. bxc3 Bxg2 18. Kxg2 cxd4 19. axb6 Nc5 20. Qb5 axb6 21. Nc6 Qd5+ 22. Kg1 Rxa1 23. Nxe7+ Kh8 24. Rxa1 Qb7 25. cxd4 Ne4 26. Qb4 Re8 27. Ne5 g6 28. N7c6 Qc8 29.
Nxf7+ Kg7 30. Ra7 Kf6 31. Nfe5 Rf8 32. Nd7+ Kf5 33. Qb5+ Kg4 34. Nxf8 Qxf8 35. f3+ Kh3 36.
Qb1 Nd2 37. Rxh7+ 1-0

[Event "Early-Titled-Tuesday-Blitz-May-14-2024"]
[Site "Chess.com"]
[Date "2024.05.14"]
[Round "7"]
[White "DarZay"]
[Black "Ariadna_Atreides"]
[Result "1-0"]
[WhiteElo "2318"]
[BlackElo "2220"]
[TimeControl "180+1"]
[EndTime "9:20:15 PDT"]
[Termination "DarZay won by resignation"]

1. e4 c6 2. d4 d5 3. e5 Bf5 4. Bd3 Bxd3 5. Qxd3 e6 6. f4 c5 7. c3 Nc6 8. Nf3 Rc8 9. O-O cxd4 10. cxd4 Nb4 11.
Qb5+ Qd7 12. Qxd7+ Kxd7 13. Nbd2 Nd3 14. Nb3 Nh6 15.
Rd1 Nxc1 16. Raxc1 b6 17. Rxc8 Kxc8 18. Rc1+ Kd7 19.
Kf2 Be7 20. Ke2 Rc8 21. Rxc8 Kxc8 22. Kd3 Kd7 23. a4 Kc6 24. a5 Bb4 25. axb6 axb6 26. Ng5 Be7 27. Nxh7 f6 28. h3 Kd7 29. exf6 gxf6 30. g4 Ke8 31. g5 fxg5 32. Nxg5 Kd7 33.
Nf3 Nf5 34. Ne5+ Kc7 35. Nd2 Bh4 36. Ndf3 Bf2 37. Ng6 Kd6 38. h4 Ng7 39. Nfe5 Bg3 40.
Ng4 Nh5 41. N4e5 Nxf4+ 42. Nxf4 Bxf4 43. Ng6 Bh6 44. h5 Kd7 45. Ne5+ Ke8 46. b4 Ke7 47. b5 Bf4 48. Ng6+ Kf6 49. Nxf4 Kf5 50. Ke3 e5 51.
dxe5 Kxe5 52. Kd3 Kxf4 53. h6 1-0

[Event "Early-Titled-Tuesday-Blitz-May-14-2024"]
[Site "Chess.com"]
[Date "2024.05.14"]
[Round "7"]
[White "Korchmar_Vasiliy"]
[Black "gmcorrales"]
[Result "0-1"]
[WhiteElo "2675"]
[BlackElo "2936"]
[TimeControl "180+1"]
[EndTime "9:20:16 PDT"]
[Termination "gmcorrales won on time"]

1. d4 Nf6 2. c4 e6 3. Nf3 d5 4. Nc3 c6 5. Qc2 Nbd7 6. e4 dxe4 7. Nxe4 Nxe4 8. Qxe4 Bb4+ 9. Bd2 Bxd2+ 10. Nxd2 O-O 11. Be2 e5 12. dxe5 Re8 13. Nf3 Qa5+ 14. Kf1 Nxe5 15. Ng5 g6 16. Qh4 h5 17. Ne4 Ng4 18. f3 Ne3+ 19.
Kf2 Nf5 20. Qf6 Rxe4 21. fxe4 Qb6+ 22. Ke1 Ne3 23. Qc3 Nxg2+ 24. Kd2 Be6 25. Raf1 Rd8+ 26. Kc1 Qd4 27. Qxd4 Rxd4 28. Rd1 Rxe4 29. Bf3 Rxc4+ 30. Kb1 Ne3 31. Rd8+ Kg7 32. a3 a5 33. Be2 Rf4 34. Re1 Bf5+ 35. Bd3 Nd5 36. Bxf5 Rxf5 37. Ree8 a4 38.
Rb8 b5 39. Rbc8 Rf1+ 40. Kc2 Rf2+ 41. Kc1 Rf6 42. Red8 Kh6 43. Rh8+ Kg5 44. Rhe8 Kg4 45. Kd2 Kh3 46. Kd3 Kxh2 47. Kd4 h4 48. Ke5 Rf5+ 49. Ke4 h3 50. Rxc6 Nf6+ 0-1

[Event "Early-Titled-Tuesday-Blitz-May-14-2024"]
[Site "Chess.com"]
[Date "2024.05.14"]
[Round "7"]
[White "IMRosen"]
[Black "Nouali_Mohamed"]
[Result "0-1"]
[WhiteElo "2768"]
[BlackElo "2589"]
[TimeControl "180+1"]
[EndTime "9:20:16 PDT"]
[Termination "Nouali_Mohamed won by checkmate"]

1. e4 c5 2. Nc3 e6 3. Nf3 Nc6 4. d4 cxd4 5. Nxd4 Nf6 6. a3 a6 7. g3 h5 8. h3 h4 9. g4 Qc7 10. Bg2 b5 11. Nxc6 dxc6 12. O-O e5 13. Be3 Be6 14. b3 Nd7 15. Qe2 Be7 16. Rfd1 Nf8 17. f3 Ng6 18. Qf2 Nf4 19. Ne2 c5 20. Bf1 g6 21. Rd2 f5 22. exf5 gxf5 23. Bxf4 exf4 24.
Nc3 Bf6 25. Re1 Kf7 26. Nd5 Bxd5 27. Rxd5 Bd4 28. Rxd4 cxd4 29. Bd3 fxg4 30. fxg4 Rae8 31. Rf1 Qe5 32. Qxf4+ Qxf4 33. Rxf4+ Kg7 34. Rxd4 Re3 35. Kg2 Rg3+ 36. Kh2 Rf8 37. Bf5 Re8 38. Rd7+ Kf6 39.
Rd6+ Kg5 40. Bd3 Ree3 41. Rg6+ Kf4 42. Bf1 Rc3 43. Rf6+ Ke5 44. Rf2 Rcf3 45. Re2+ Re3 46. Bg2 Rxe2 47. Kh1 Rexg2 48. g5 Kf4 49. g6 Rg1+ 50.
Kh2 R3g2# 0-1

[Event "Early-Titled-Tuesday-Blitz-May-14-2024"]
[Site "Chess.com"]
[Date "2024.05.14"]
[Round "7"]
[White "fandebobbyfischer"]
[Black "Likvidator228"]
[Result "1-0"]
[WhiteElo "2710"]
[BlackElo "2537"]
[TimeControl "180+1"]
[EndTime "9:20:16 PDT"]
[Termination "fandebobbyfischer won by resignation"]

1. e4 c5 2. Nf3 g6 3. d4 cxd4 4. Qxd4 Nf6 5. e5 Nc6 6. Qa4 Nd5 7. Qe4 Ndb4 8. Bb5 a6 9. Ba4 b5 10. Bb3 d5 11. exd6 Qxd6 12. O-O Bf5 13. Qe2 Rd8 14. Nc3 Nd4 15. Nxd4 Qxd4 16. Rd1 Qb6 17. Be3 Rxd1+ 18. Rxd1 Qc7 19. a3 Nc6 20. Nd5 Qb7 21. Bf4 Bg7 22. Nc7+ Kf8 23. Qf3 e5 24. Be3 Qxc7 25. g4 e4 26. Bc5+ Kg8 27. Qe2 Be6 28. Qxe4 Be5 29. Bxe6 fxe6 30. f4 Kg7 31. fxe5 Rd8 32.
Bd6 Qb6+ 33. Kg2 Ne7 34. Qf4 Nd5 35. Rxd5 exd5 36. Qf6+ Kg8 37. Qe6+ Kg7 38. Bf8+ Rxf8 39. Qxb6 Re8 40. Qb7+ Kf8 41. Qxd5 Re7 42. e6 Kg7 43. g5 h5 44. Qd7 Kf8 45. Qd8+ Re8 46. Qf6+ 1-0

[Event "Early-Titled-Tuesday-Blitz-May-14-2024"]
[Site "Chess.com"]
[Date "2024.05.14"]
[Round "7"]
[White "Aemulus20"]
[Black "VerdeNotte"]
[Result "1-0"]
[WhiteElo "2661"]
[BlackElo "2847"]
[TimeControl "180+1"]
[EndTime "9:20:17 PDT"]
[Termination "Aemulus20 won by resignation"]

1. e4 e5 2. Nf3 Nc6 3. Bb5 a6 4. Ba4 Nf6 5. O-O d6 6. c3 Bd7 7. Re1 g6 8. d4 Bg7 9. h3 O-O 10.
Nbd2 exd4 11. cxd4 Nb4 12. Nf1 Bxa4 13. Qxa4 Nd3 14.
Re2 Re8 15. Ng3 c5 16. e5 Nd5 17. Qb3 N5f4 18. Bxf4 Nxf4 19. Re4 c4 20. Qc2 Nd3 21. Qxc4 d5 22. Qxd3 dxe4 23. Qxe4 Qb6 24. b3 Rac8 25. h4 h5 26. Re1 Qc6 27. Qf4 Qc3 28. Re3 Qa1+ 29.
Kh2 Qxa2 30. Ng5 Rf8 31. Nxh5 Rc2 32. Rf3 Qb2 33. Nxg7 Qc1 34. Qxc1 Rxc1 35. e6 Kxg7 36. exf7 Re1 37. d5 Re7 38. Ne6+ Kh6 39. Nxf8 g5 40. Ne6 Kh5 41. f8=Q Rh7 42. Qf7+ Rxf7 43. Rxf7 gxh4 44. Rf5+ Kg6 45. Rg5+ Kf6 46. f4 a5 47. Nd4 Ke7 48. Rg6 Kd7 49. f5 b5 50.
Nxb5 h3 51. gxh3 1-0

[Event "Early-Titled-Tuesday-Blitz-May-14-2024"]
[Site "Chess.com"]
[Date "2024.05.14"]
[Round "7"]
[White "Witik"]
[Black "laboratorio25"]
[Result "1-0"]
[WhiteElo "2759"]
[BlackElo "2539"]
[TimeControl "180+1"]
[EndTime "9:20:18 PDT"]
[Termination "Witik won by checkmate"]

1. d4 Nf6 2. Nf3 e6 3. c4 d5 4. g3 Be7 5. Bg2 O-O 6. O-O c6 7. Nc3 b6 8. Ne5 Bb7 9. e4 dxe4 10. Nxe4 Nxe4 11. Bxe4 Bf6 12. Be3 Qc8 13. Qh5 g6 14.
Qf3 Bg7 15. Qg2 f6 16. Nd3 Nd7 17. Rfe1 Qc7 18. d5 cxd5 19. cxd5 e5 20. Rac1 Qd6 21. Bd2 a5 22. Rc6 Bxc6 23. dxc6 Nc5 24. Bd5+ Kh8 25. Nxc5 b5 26. Nd7 Rfd8 27. Be3 Rac8 28. Bb6 Rxd7 29. cxd7 Qxd7 30. Bxa5 Qa7 31. Bc3 Qc5 32. Be4 b4 33. Bd2 Qd4 34. Be3 Qxb2 35. Bd5 Qc3 36. Rf1 f5 37. Bb3 e4 38. h4 h6 39. Rb1 Qd3 40. Rd1 Qe2 41. Qf1 Qf3 42. Qa6 Be5 43. Qxc8+ Kh7 44. Qg8# 1-0

[Event "Early-Titled-Tuesday-Blitz-May-14-2024"]
[Site "Chess.com"]
[Date "2024.05.14"]
[Round "7"]
[White "Maria_Elayza"]
[Black "Lucky_Puncher"]
[Result "0-1"]
[WhiteElo "2278"]
[BlackElo "2556"]
[TimeControl "180+1"]
[EndTime "9:20:19 PDT"]
[Termination "Lucky_Puncher won by checkmate"]

1. d4 Nf6 2. Bf4 d6 3. Nc3 g6 4.
e4 Bg7 5. Qd2 Nh5 6. Bh6 O-O 7.
Bxg7 Nxg7 8. Bd3 e5 9. d5 Nd7 10. O-O-O a5 11. g4 Nc5 12. f3 f5 13. gxf5 gxf5 14.
exf5 Nxf5 15. Nge2 Kh8 16. Rdg1 Qf6 17. Ng3 Nd4 18. Be2 Bd7 19. Nce4 Nxe4 20. Nxe4 Qf4 21. Bd3 Nxf3 22. Qxf4 Rxf4 23. Rg3 Rg8 24. Rf1 Rgf8 25. b3 Nd4 26. Rfg1 Nf3 27. Rf1 Bc8 28. Kb2 b6 29. a4 Bb7 30. c4 Bc8 31. Kc3 h6 32. Rf2 Nh4 33. Re2 Bf5 34. Ree3 Bxe4 35. Bxe4 Nf5 36. Bxf5 R8xf5 37. Rg6 Kh7 38. Re6 Rf7 39. Re2 Rf3+ 40. Kc2 Rh3 41. Rg2 Rhf3 42. Rgg6 Rh3 43. Rgf6 Rxh2+ 44. Kd3 Rh3+ 45. Kc2 Rg7 46. Re8 Rg2+ 47. Kd1 Rh1+ 48. Rf1 Rxf1# 0-1

[Event "Early-Titled-Tuesday-Blitz-May-14-2024"]
[Site "Chess.com"]
[Date "2024.05.14"]
[Round "7"]
[White "Vincent_Vega95"]
[Black "alexrustemov"]
[Result "1-0"]
[WhiteElo "2782"]
[BlackElo "2927"]
[TimeControl "180+1"]
[EndTime "9:20:20 PDT"]
[Termination "Vincent_Vega95 won by checkmate"]

1. Nf3 d5 2. g3 c6 3. Bg2 Bf5 4. O-O e6 5. d3 h6 6. Qe1 Nf6 7. Nbd2 Be7 8. e4 Bh7 9. Qe2 O-O 10. h3 c5 11. c3 Nc6 12. Nh2 Qc7 13. f4 c4 14. dxc4 dxe4 15. Nxe4 Rac8 16. Nxf6+ Bxf6 17. Ng4 Be7 18. Be4 f5 19. Bxc6 fxg4 20. Bg2 gxh3 21. Qxe6+ Kh8 22. Bd5 Bf5 23. Qe2 Bc5+ 24. Kh1 Rce8 25.
Qd1 Be4+ 26. Kh2 a5 27. b4 axb4 28. cxb4 Bxb4 29. Bb2 Bxd5 30. cxd5 Qc4 31. Kxh3 Re2 32. Qd4 Qxd4 33. Bxd4 Rd8 34. Rfd1 Kh7 35. Rab1 Bf8 36.
Be5 Rd7 37. Rb2 Re4 38. d6 Ra4 39. Rd5 Kg6 40. g4 Kf7 41. f5 Ra6 42. Rc2 g6 43. Rc7 Ke8 44. fxg6 Rxa2 45. g7 Bxg7 46. Bxg7 Ra3+ 47.
Kh4 Ra2 48. Re5+ Kf7 49. Rxd7+ Kg6 50. Re6+ Kh7 51. Rxh6+ Kg8 52. Rh8# 1-0

[Event "Early-Titled-Tuesday-Blitz-May-14-2024"]
[Site "Chess.com"]
[Date "2024.05.14"]
[Round "7"]
[White "xasid81"]
[Black "JoliyRoger"]
[Result "1-0"]
[WhiteElo "2594"]
[BlackElo "2420"]
[TimeControl "180+1"]
[EndTime "9:20:20 PDT"]
[Termination "xasid81 won on time"]

1. Nf3 Nf6 2. Nc3 d5 3. d4 c6 4. Bg5 Bf5 5. e3 Ne4 6. Nxe4 Bxe4 7. Bd3 Bg6 8. O-O Qb6 9. Rb1 e6 10. Bf4 Nd7 11. Ne5 Nf6 12. Nxg6 hxg6 13. h3 Be7 14. c4 dxc4 15. Bxc4 O-O 16. b4 a6 17. a3 Rfd8 18. Qb3 Bd6 19. Bxe6 Bxf4 20. Bxf7+ Kh7 21.
exf4 Qxd4 22. Qg3 Qd3 23. Qh4+ Nh5 24. Rbe1 Qf5 25. Bxg6+ Qxg6 26. Re5 Rd5 27. Rxd5 cxd5 28. g4 Rf8 29. Rd1 Kg8 30. Qxh5 Qxh5 31. gxh5 Rf5 32.
Kg2 Rxh5 33. Kg3 g6 34. Kg4 Rf5 35. Re1 d4 36. Re8+ Kf7 37. Rd8 a5 38. Rxd4 axb4 39. axb4 Rb5 40. Re4 Kf6 41. h4 Rd5 42. Rc4 Rb5 43.
Rd4 Kf7 44. f5 gxf5+ 45. Kg5 1-0

[Event "Early-Titled-Tuesday-Blitz-May-14-2024"]
[Site "Chess.com"]
[Date "2024.05.14"]
[Round "7"]
[White "CristianS27"]
[Black "Orujov2008"]
[Result "0-1"]
[WhiteElo "2550"]
[BlackElo "2755"]
[TimeControl "180+1"]
[EndTime "9:20:21 PDT"]
[Termination "Orujov2008 won by checkmate"]

1. e4 c5 2. Nf3 d6 3. d4 cxd4 4. Nxd4 Nf6 5. Nc3 a6 6. Be3 e5 7. Nf3 Be7 8. Bc4 O-O 9. O-O Be6 10. Bb3 Nc6 11. Qe2 Rc8 12. Rfd1 Qc7 13. Bg5 Na5 14.
Bxf6 Bxf6 15. Rac1 Nxb3 16. axb3 Rfd8 17. Nd5 Bxd5 18.
Rxd5 b5 19. c3 Qb6 20. Rcd1 g6 21. g3 Be7 22. h4 h5 23. Kg2 b4 24. c4 Rc6 25. Qd2 Rdc8 26. Ne1 Kg7 27. Nc2 a5 28. Ne3 Qc7 29. Rb5 Rc5 30. Nd5 Qa7 31. Rxc5 dxc5 32. Ra1 Bd8 33. Qe2 Rc6 34. g4 hxg4 35. Qxg4 Rd6 36.
h5 Kf8 37. h6 Kg8 38. h7+ Kh8 39. Qc8 f6 40. Nxf6 Qe7 41. Nd5 Qg5+ 42. Kf1 Kxh7 43.
Ke2 Qh5+ 44. Kd2 Qf3 45. Re1 Qxf2+ 46. Re2 Bg5+ 47. Kd1 Qf1+ 48. Re1 Qd3# 0-1

[Event "Early-Titled-Tuesday-Blitz-May-14-2024"]
[Site "Chess.com"]
[Date "2024.05.14"]
[Round "7"]
[White "FXDon77"]
[Black "Dolphin_2010"]
[Result "1-0"]
[WhiteElo "2868"]
[BlackElo "2624"]
[TimeControl "180+1"]
[EndTime "9:20:21 PDT"]
[Termination "FXDon77 won on time"]

1. e4 c6 2. d4 d5 3. e5 Bf5 4. h4 h6 5. g4 Bd7 6. Nc3 Qc8 7. Be2 e6 8. Be3 c5 9. Nf3 cxd4 10.
Nxd4 Nc6 11. f4 h5 12. gxh5 Nh6 13. Bd3 Nxd4 14. Bxd4 Bc5 15. Bxc5 Qxc5 16. Qd2 Ng4 17. Qe2 Ne3 18. a3 Qb6 19. Kd2 d4 20. Ne4 Nf5 21. Kc1 Rc8 22. Rg1 Bc6 23. Nd6+ Nxd6 24. exd6 Bd5 25.
Rxg7 Qxd6 26. f5 Qf4+ 27. Kb1 Qxh4 28. b3 Qxh5 29. Qe5 Qh2 30. Qxd4 Qh4 31. Rg8+ Kd7 32. fxe6+ fxe6 33. Bb5+ Kc7 34. Qe5+ Kb6 35. Rxc8 Rxc8 36. Bd3 Qf2 37. Qd6+ Rc6 38. Qb4+ Kc7 39. Qe7+ Kb8 40.
Qd8+ Rc8 41. Qd6+ Ka8 42. Qe5 Qd2 43. Kb2 a5 44. a4 1-0

[Event "Early-Titled-Tuesday-Blitz-May-14-2024"]
[Site "Chess.com"]
[Date "2024.05.14"]
[Round "7"]
[White "GeorgiosSouleidis"]
[Black "Payyappat"]
[Result "1-0"]
[WhiteElo "2673"]
[BlackElo "2526"]
[TimeControl "180+1"]
[EndTime "9:20:21 PDT"]
[Termination "GeorgiosSouleidis won by resignation"]

1. e4 c6 2. Nc3 d5 3. Nf3 dxe4 4. Nxe4 Nf6 5. Qe2 Nxe4 6. Qxe4 Nd7 7. d4 Nf6 8. Qd3 g6 9. Be2 Bg7 10. O-O O-O 11. Qb3 b5 12. a4 Be6 13. Qa3 a6 14. c3 Nd5 15. Re1 Qc7 16. h3 Nb6 17. a5 Nd5 18. Bf1 Rfe8 19. b4 Bf5 20. Ne5 f6 21.
Nd3 e5 22. dxe5 fxe5 23. Nc5 e4 24. Bd2 e3 25. fxe3 Bh6 26. Qc1 Qg3 27. e4 Bxd2 28.
Qxd2 Nf4 29. Kh1 Bxh3 30. gxh3 Nxh3 31. Bxh3 Qxh3+ 32. Kg1 Qg3+ 33. Qg2 Qxc3 34. e5 Qxb4 35. Ne4 Qd4+ 36. Qf2 Qxf2+ 37. Kxf2 Kg7 38. Nc5 Rad8 39.
Kf3 Rd5 40. Nxa6 Rexe5 41. Rxe5 Rxe5 42. Nc7 Re7 43. a6 Rxc7 44. a7 Rc8 45. a8=Q Rxa8 46. Rxa8 Kf6 47. Rc8 b4 48. Rxc6+ Kf5 49. Rb6 g5 50. Rb5+ Kg6 51. Rxb4 Kh5 52. Kg3 h6 53. Rb6 g4 54. Rb5+ Kg6 55. Kxg4 1-0

[Event "Early-Titled-Tuesday-Blitz-May-14-2024"]
[Site "Chess.com"]
[Date "2024.05.14"]
[Round "7"]
[White "elcala"]
[Black "mapleaff"]
[Result "0-1"]
[WhiteElo "1888"]
[BlackElo "2300"]
[TimeControl "180+1"]
[EndTime "9:20:21 PDT"]
[Termination "mapleaff won on time"]

1. d4 Nf6 2. Nf3 d5 3. Bf4 c5 4. c3 Nc6 5. e3 Qb6 6. Qc2 Bf5 7.
dxc5 Bxc2 8. cxb6 Bxb1 9. Rxb1 axb6 10. a3 e6 11. Bb5 Be7 12. Ne5 O-O 13. Nxc6 bxc6 14.
Bxc6 Rac8 15. Bb5 Nh5 16. Bg3 Nxg3 17. hxg3 e5 18. f3 Rfd8 19. Bd3 Bc5 20. Bxh7+ Kf8 21. Bf5 Rc7 22. Ke2 g6 23. Rh8+ Ke7 24. Rxd8 Kxd8 25.
Bd3 f5 26. b4 Bf8 27. Kd2 Bg7 28. Rc1 Ke7 29. c4 d4 30. exd4 Bh6+ 31. f4 exf4 32.
Re1+ Kf6 33. gxf4 Bxf4+ 34. Kc3 Rh7 35. c5 bxc5 36. bxc5 Rh2 37. Re2 g5 38. Bc4 g4 39.
Re6+ Kg5 40. Re2 Rh1 41. a4 Rc1+ 42. Rc2 Ra1 43. Kb4 g3 44. a5 Bc7 45. a6 f4 46.
d5 Rb1+ 47. Ka3 Rb8 48. d6 Bd8 49. Ka4 f3 50. gxf3 Kf4 0-1

[Event "Early-Titled-Tuesday-Blitz-May-14-2024"]
[Site "Chess.com"]
[Date "2024.05.14"]
[Round "7"]
[White "ilqar_74"]
[Black "NelsonLinda"]
[Result "1/2-1/2"]
[WhiteElo "2829"]
[BlackElo "2626"]
[TimeControl "180+1"]
[EndTime "9:20:22 PDT"]
[Termination "Game drawn by repetition"]

1. e4 c5 2. Nf3 e6 3. d4 cxd4 4. Nxd4 Nf6 5. Bd3 Nc6 6. Nxc6 bxc6 7. Nc3 d5 8. O-O a5 9. Qf3 Be7 10. Bg5 O-O 11. Rfe1 Ba6 12. Rad1 Bxd3 13. Rxd3 Rb8 14. b3 h6 15. Bh4 Re8 16. Qg3 Nh5 17. Bxe7 Qxe7 18.
Qe5 Qg5 19. Qxg5 hxg5 20. g3 Nf6 21. f3 Rb4 22. a3 Rb7 23. Na4 Rc8 24. Rc3 Rbc7 25.
Nc5 g6 26. Kg2 Kg7 27. Rd1 Ra8 28. e5 Ne8 29. Na4 Ra6 30. Rc5 Rc8 31. Rd3 Nc7 32. Nc3 Kf8 33. Ne2 Ke7 34. Nd4 Kd7 35. Rdc3 Ne8 36. b4 axb4 37. axb4 Rc7 38. g4 Rb6 39. Kg3 Rxb4 40. Nxc6 Rb6 41. Nd4 Rxc5 42. Rxc5 Rb4 43. c3 Rc4 44. Rxc4 dxc4 45. f4 gxf4+ 46. Kxf4 Nc7 47.
Kg5 Nd5 48. Ne2 Ke7 49. h4 Kf8 50. h5 gxh5 51. gxh5 Kg7 52. h6+ Kh7 53. Kh5 Ne3 54. Kg5 Nd5 55. Kh5 f6 56. Ng3 fxe5 57. Ne4 Nf4+ 58.
Kg5 Nh3+ 59. Kg4 Nf4 60. Kg5 Nh3+ 61. Kg4 Nf4 62. Kg5 1/2-1/2

[Event "Early-Titled-Tuesday-Blitz-May-14-2024"]
[Site "Chess.com"]
[Date "2024.05.14"]
[Round "7"]
[White "BilodeauA"]
[Black "Skatchkov_V"]
[Result "1-0"]
[WhiteElo "2909"]
[BlackElo "2644"]
[TimeControl "180+1"]
[EndTime "9:20:25 PDT"]
[Termination "BilodeauA won on time"]

1. e4 e5 2. Nf3 Nf6 3. Nc3 Nc6 4. Bb5 Nd4 5. O-O c6 6. Bd3 Nxf3+ 7. Qxf3 d6 8. Be2 Be7 9. d3 O-O 10. Qg3 Kh8 11.
f4 exf4 12. Qxf4 Be6 13. Kh1 Nd7 14. Bg4 Ne5 15. Bf5 g6 16. d4 Nd7 17. Bg4 f5 18.
exf5 Bxf5 19. Bd2 Bd3 20. cxd3 Rxf4 21. Bxf4 Nf6 22. Be6 Nh5 23. Bh6 Bf6 24. d5 Bg7 25. Bd2 Qh4 26. Ne4 Re8 27. g3 Qd8 28. Ng5 Qc7 29.
Nf7+ Kg8 30. Ng5+ Kh8 31. Bb4 c5 32. Nf7+ Kg8 33. Bd2 h6 34. Nxh6+ Kh7 35. Rf7 Re7 36. Raf1 Kh8 37. Bc3 Bxc3 38. bxc3 Rxf7 39. Rxf7 Qb6 40. Kg2 Qb2+ 41. Kh3 Qd2 42. Ng4 Qd1 43. Kh4 Qd2 44. a4 b6 45. Rxa7 Qxc3 46. Kg5 Qd2+ 47. Kxg6 Qxd3+ 48. Bf5 1-0

[Event "Early-Titled-Tuesday-Blitz-May-14-2024"]
[Site "Chess.com"]
[Date "2024.05.14"]
[Round "7"]
[White "David_George21"]
[Black "SanchezKelvin"]
[Result "1-0"]
[WhiteElo "2373"]
[BlackElo "2584"]
[TimeControl "180+1"]
[EndTime "9:20:25 PDT"]
[Termination "David_George21 won by resignation"]

1. e4 c5 2. Nf3 Nc6 3. d4 cxd4 4. Nxd4 Nf6 5. Nc3 e5 6. Ndb5 d6 7. Nd5 Nxd5 8. exd5 Ne7 9. c4 Nf5 10. Bd3 Be7 11. Qc2 Nh4 12. O-O f5 13. c5 O-O 14.
c6 bxc6 15. dxc6 Be6 16. Rd1 Qa5 17. Bc4 Bxc4 18. Qxc4+ Kh8 19. Bd2 Qa6 20. Nxd6 Qxc4 21. Nxc4 Bf6 22. Ba5 Ng6 23. Rd7 Nf4 24. c7 e4 25. Nd6 g6 26. Bc3 Bxc3 27. bxc3 Ne6 28. c8=Q Raxc8 29. Nxc8 Rxc8 30. Rxa7 Rxc3 31. Rb1 Rc8 32.
g3 Nd4 33. a4 h5 34. a5 h4 35. Kg2 g5 36. Rbb7 g4 37. Rh7+ Kg8 38. Rag7+ Kf8 39.
Rh8+ Kxg7 40. Rxc8 h3+ 41. Kf1 Nf3 42. a6 Nxh2+ 43. Ke2 Nf3 44. a7 h2 45. a8=Q h1=Q 46.
Qb7+ Kf6 47. Rf8+ Ke5 48. Qc7+ Ke6 49. Re8+ Kd5 50. Rd8+ Ke6 51. Rd6+ Ke5 52. Rd1+ Kf6 53. Rxh1 Nd4+ 54. Kd1 1-0

[Event "Early-Titled-Tuesday-Blitz-May-14-2024"]
[Site "Chess.com"]
[Date "2024.05.14"]
[Round "7"]
[White "BillCoe"]
[Black "noblerone"]
[Result "0-1"]
[WhiteElo "2187"]
[BlackElo "2509"]
[TimeControl "180+1"]
[EndTime "9:20:26 PDT"]
[Termination "noblerone won on time"]

1. e4 c5 2. Nf3 e6 3. d4 cxd4 4. Nxd4 Qb6 5. Nb3 Qc7 6. Bd3 a6 7. N1d2 Nf6 8. Nf3 b5 9. O-O Bb7 10. Re1 d6 11. Bg5 Be7 12. Qe2 Nbd7 13. c3 O-O 14. Bc2 Rac8 15. Rac1 Rfe8 16. Red1 Ne5 17. Nxe5 dxe5 18. Nd2 h6 19. Bh4 Red8 20. Nf3 Rxd1+ 21. Rxd1 b4 22. Bg3 bxc3 23. Bxe5 Qa5 24. Bxc3 Qxa2 25. e5 Bxf3 26. Qxf3 Nd5 27. Qe4 g6 28. Bb1 Qb3 29.
Bc2 Nxc3 30. bxc3 Qxc3 31. Bb1 Bc5 32. Qf4 Qb2 33. Qf6 Rf8 34. Bxg6 Qxf2+ 35. Qxf2 Bxf2+ 36. Kxf2 fxg6+ 37. Ke3 Ra8 38. Rd6 Kf7 39. Rd7+ Kf8 40.
Rd6 Ke7 41. Rb6 a5 42. Rb3 a4 43. Ra3 Kd7 44. Kd4 Kc6 45. Kc4 g5 46. g4 Kb6 47.
Kb4 Kc6 48. Kc4 Ra7 49. h3 Ra8 50. Kd4 Kb5 51. Kc3 Kc5 0-1

[Event "Early-Titled-Tuesday-Blitz-May-14-2024"]
[Site "Chess.com"]
[Date "2024.05.14"]
[Round "7"]
[White "kekic76"]
[Black "dianamirza"]
[Result "1-0"]
[WhiteElo "2290"]
[BlackElo "1950"]
[TimeControl "180+1"]
[EndTime "9:20:26 PDT"]
[Termination "kekic76 won by resignation"]

1. e4 c5 2. Nf3 Nc6 3. d4 cxd4 4. Nxd4 e6 5. Nc3 a6 6. Be3 Nf6 7. f3 Bb4 8. Nxc6 bxc6 9. Qd2 O-O 10. Be2 d5 11. O-O-O Qa5 12. e5 Nd7 13. f4 Bxc3 14. Qxc3 Qxa2 15. Qxc6 Rb8 16. Bd4 Rb4 17. Bc3 Rb6 18.
Qc7 a5 19. Kd2 Rb7 20. Qxa5 Qxa5 21. Bxa5 Nc5 22. Bc3 Ne4+ 23. Ke3 Nxc3 24. bxc3 Bd7 25. Rb1 Rc7 26. Rb3 Rfc8 27. Kd4 f6 28. Rhb1 Kf7 29.
Rb7 Ke7 30. Rxc7 Rxc7 31. g4 Bc6 32. Rb6 Kd7 33. Bd3 Rb7 34. Rxb7+ Bxb7 35. Bxh7 Ba6 36. exf6 gxf6 37. g5 Ke7 38. g6 Kf8 39. h4 Kg7 40. f5 exf5 41. Kxd5 Bb5 42. c4 Be8 43. c5 Bxg6 44. Bxg6 Kxg6 45. c6 f4 46. Ke4 f5+ 47. Kxf4 Kf7 48. c7 Ke7 49. c8=Q 1-0

[Event "Early-Titled-Tuesday-Blitz-May-14-2024"]
[Site "Chess.com"]
[Date "2024.05.14"]
[Round "7"]
[White "Juicy_Fork"]
[Black "Moon_stone123"]
[Result "0-1"]
[WhiteElo "2454"]
[BlackElo "2616"]
[TimeControl "180+1"]
[EndTime "9:20:29 PDT"]
[Termination "Moon_stone123 won by checkmate"]

1. e4 c6 2. d4 d5 3. f3 Qb6 4.
Nc3 dxe4 5. fxe4 e5 6. dxe5 Bc5 7. Nf3 Bf2+ 8. Ke2 Be6 9. Qd3 a5 10. Na4 Qa7 11. Be3 Bxe3 12. Qxe3 Qxe3+ 13. Kxe3 Nd7 14. c4 Ne7 15. Rd1 Ng6 16. b3 Ke7 17. Be2 Rad8 18. Ng5 Ngxe5 19. Nxe6 Kxe6 20. Rhf1 f6 21. g4 h6 22. h4 Ke7 23. Rg1 g5 24. hxg5 hxg5 25. Rh1 Rh4 26. Rxh4 gxh4 27. Kf4 Rh8 28. Rh1 Nf8 29.
g5 Ne6+ 30. Kf5 Nd4+ 31. Kf4 Nxe2+ 32. Ke3 Ng3 33. gxf6+ Kxf6 34. Rh3 Kg5 35. Nc5 Kg4 36. Rh2 h3 37. Ne6 Nf1+ 38. Kf2 Nxh2 39. Kg1 Nhf3+ 40. Kh1 Ng6 41. b4 Nf4 42. Nd4 Nh5 43. Nxf3 Kxf3 44. Kh2 Nf4 45. bxa5 Rg8 46. a6 Rg2+ 47. Kh1 bxa6 48.
a4 Kg3 49. a5 Ra2 50. c5 Ra1# 0-1

[Event "Early-Titled-Tuesday-Blitz-May-14-2024"]
[Site "Chess.com"]
[Date "2024.05.14"]
[Round "7"]
[White "yonaltimur"]
[Black "Guldona_2007"]
[Result "1/2-1/2"]
[WhiteElo "2354"]
[BlackElo "2204"]
[TimeControl "180+1"]
[EndTime "9:20:29 PDT"]
[Termination "Game drawn by repetition"]

1. e4 c5 2. Nf3 Nc6 3. Bb5 d6 4. O-O e5 5. c3 Nf6 6. d4 cxd4 7. cxd4 exd4 8. Nxd4 Bd7 9. Re1 Be7 10. Nc3 O-O 11. Bf4 a6 12. Bf1 Nxd4 13. Qxd4 Bc6 14. e5 dxe5 15.
Qxe5 Re8 16. Rad1 Qc8 17. Qd4 Bf8 18. Bg5 Rxe1 19. Rxe1 Qf5 20. h4 Re8 21. Rxe8 Nxe8 22. Bd3 Qe6 23. Kf1 h6 24. Be3 Nf6 25. Bc4 Qd7 26.
Qxd7 Nxd7 27. Ke2 Ne5 28. Bd5 Bxd5 29. Nxd5 Bd6 30. b3 Ng4 31. Bd4 Ne5 32. f3 Nc6 33. Bb6 f6 34. Kd3 Kf7 35. Ke4 Nb4 36. Nxb4 Bxb4 37. Kd5 g6 38. Bf2 h5 39. g4 Be7 40.
gxh5 gxh5 41. f4 f5 42. Ke5 Kg6 43. Ke6 Bf6 44. Bg3 Bd8 45. a4 b5 46. axb5 axb5 47. Kd7 Bf6 48. Kc6 b4 49. Be1 Bc3 50. Bf2 Bd2 51.
Bg3 Kf6 52. Kd5 Bc3 53. Kd6 Bd2 54. Kd5 Bc3 55. Bf2 Bd2 56. Bg3 1/2-1/2

[Event "Early-Titled-Tuesday-Blitz-May-14-2024"]
[Site "Chess.com"]
[Date "2024.05.14"]
[Round "7"]
[White "Bauman_Guy"]
[Black "Ginger_GM"]
[Result "1-0"]
[WhiteElo "2895"]
[BlackElo "2663"]
[TimeControl "180+1"]
[EndTime "9:20:30 PDT"]
[Termination "Bauman_Guy won by resignation"]

1. e4 d6 2. d4 Nf6 3. Nc3 Nbd7 4. g3 e5 5. Bg2 h5 6. h3 c6 7. Nge2 b5 8. a3 Rb8 9. O-O Be7 10. Be3 a5 11. f4 O-O 12. Qe1 Re8 13. Qf2 b4 14. axb4 axb4 15. Na4 exd4 16. Nxd4 Bb7 17. e5 dxe5 18. Nxc6 Bxc6 19. Bxc6 Qc7 20. Bf3 e4 21. Bg2 Rbc8 22. Rac1 Nc5 23. Nxc5 Bxc5 24. Rfd1 Qb6 25.
Bxc5 Qxc5 26. c3 e3 27. Qe2 Ne4 28. Bxe4 Rxe4 29. h4 b3 30. Rd3 Rce8 31. Rcd1 g6 32. Rd4 Rxd4 33. Rxd4 Qf5 34. Rd3 Qe4 35. Rd4 Qc2 36.
Kf1 Ra8 37. Rd1 Ra2 38. Qxc2 bxc2 39. Rc1 Rxb2 40. Ke2 Rb1 41. Rxc2 Rg1 42. Kf3 Kf8 43.
Re2 Ke7 44. Rxe3+ Kd6 45. Ke4 Rg2 46. f5 Rf2 47. Rf3 Re2+ 48. Kf4 gxf5 49. Kxf5 Ke7 50. Kf4 Kf6 51. Re3 Rc2 52. Ke4 Kg6 53. Rf3 f6 54.
Kd5 Rd2+ 55. Kc5 Kf7 56. c4 Ke6 57. Kc6 Rd8 58. c5 f5 59. Kc7 Rd5 60. c6 Rc5 61.
Kb7 1-0